 Dungeon Crawl Stone Soup version 0.27.1 (webtiles) character file.

Game seed: 843865762929601377

6459 bnorton916 the Geomancer (level 10, -2/50 HPs)
             Began as a Deep Elf Conjurer on Aug 25, 2021.
             Was an Elder of Cheibriados.
             Succumbed to an orc warrior's poison
             ... on level 9 of the Dungeon.
             The game lasted 00:21:10 (14281 turns).

bnorton916 the Geomancer (Deep Elf Conjurer)       Turns: 14281, Time: 00:21:10

Health: -2/50      AC:  6    Str: 13    XL:     10   Next: 67%
Magic:  4/24       EV: 14    Int: 36    God:    Cheibriados [****..]
Gold:   45         SH:  0    Dex: 22    Spells: 6/25 levels left

rFire    . . .     SeeInvis .   G - +5 dagger (vorpal)
rCold    . . .     Faith    .   (no shield)
rNeg     . . .     Spirit   .   a - +0 robe
rPois    .         Reflect  .   o - +0 helmet
rElec    .         Harm     .   z - +0 cloak
rCorr    +         Rampage  .   (no gloves)
Will     ++...                  x - +1 pair of boots
Stlth    +++.......             (no amulet)
HPRegen  0.16/turn              e - ring of resist corrosion
MPRegen  0.19/turn              i - ring of willpower

@: lethally poisoned (-2 -> -9), very slow
A: no striking features
a: Renounce Religion, Bend Time, Temporal Distortion, Slouch


You were on level 9 of the Dungeon.
You worshipped Cheibriados.
Cheibriados was greatly pleased with you.
You visited 2 branches of the dungeon, and saw 10 of its levels.

You collected 381 gold pieces.
You spent 336 gold pieces at shops.

Inventory:

Hand Weapons
 n - a +1 dagger of draining
 E - a +2 dagger of venom
 F - a +3 rapier
 G - a +5 vorpal dagger (weapon)
Missiles
 f - 249 stones
 u - 34 poisoned darts
Armour
 a - a +0 robe (worn)
 o - a +0 helmet (worn)
 r - a scarf of resistance
 x - a +1 pair of boots (worn)
 z - a +0 cloak (worn)
 D - a +0 robe
Jewellery
 e - a ring of resist corrosion (left hand)
 i - a ring of willpower (right hand)
Wands
 t - a wand of iceblast (9)
Scrolls
 g - 2 scrolls of teleportation
 j - 3 scrolls of fear
 k - 8 scrolls of amnesia
 l - 3 scrolls of enchant armour
 s - a scroll of enchant weapon
 w - 2 scrolls of noise {unknown}
 y - a scroll of magic mapping {unknown}
 A - a scroll of brand weapon
 C - a scroll of summoning
 I - a scroll of identify
Potions
 b - 3 potions of heal wounds
 c - a potion of magic
 d - a potion of haste {unknown}
 h - 2 potions of curing
 m - 2 potions of attraction
 p - 3 potions of flight
 q - a potion of resistance
 v - 2 potions of brilliance
 B - a potion of lignification
 H - a potion of mutation {unknown}


   Skills:
 + Level 1.2 Armour
 + Level 3.3 Dodging
 - Level 2.4 Stealth
 - Level 8.0 Spellcasting
 + Level 7.9 Conjurations
 - Level 6.0 Hexes
 - Level 6.0 Translocations
 - Level 8.9 Fire Magic
 - Level 9.0 Earth Magic
 + Level 1.1 Invocations


You had 6 spell levels left.
You knew the following spells:

 Your Spells              Type           Power      Damage    Failure   Level
a - Magic Dart            Conj           100%       1d8       1%          1
b - Searing Ray           Conj           100%       3d7       1%          2
c - Fulminant Prism       Conj/Hex       29%        3d14      1%          4
d - Iskenderun's Mystic   Conj/Tloc      59%        2d12      1%          4
e - Stone Arrow           Conj/Erth      100%       3d13      1%          3
f - Bolt of Magma         Conj/Fire/Erth 33%        4d15      2%          5

Your spell library contained the following spells:

 Spells                   Type           Power      Damage    Failure   Level
 Dazzling Flash           Conj/Hex       100%       N/A       1%          3
 Portal Projectile        Hex/Tloc       100%       N/A       1%          3
 Leda's Liquefaction      Hex/Erth       31%        N/A       1%          4
 Corpse Rot               Necr/Air       N/A        N/A       4%          2
 Poisonous Vapours        Pois/Air       28%        N/A       4%          2
 Call Canine Familiar     Summ           14%        N/A       9%          3
 Borgnjor's Vile Clutch   Necr/Erth      23%        N/A       12%         5
 Lightning Bolt           Conj/Air       21%        1d36      16%         5
 Freezing Cloud           Conj/Ice/Air   16%        6-21      26%         5
 Airstrike                Air            7%         N/A       28%         4
 Summon Lightning Spire   Summ/Air       14%        N/A       28%         4
 Alistair's Intoxication  Tmut/Pois      9%         N/A       61%         5
 Eringya's Noxious Bog    Tmut/Pois      7%         N/A       99%         6
 Shatter                  Erth           34%        3d27*     100%        9


Dungeon Overview and Level Annotations

Branches:
Dungeon (9/15)             Temple (1/1) D:5
   Lair: D:8-11         Orc: D:9-12

Altars:
Cheibriados
Dithmenos
Elyvilon
Gozag
Makhleb
Nemelex Xobeh
Okawaru
Ru
Uskayaw
Wu Jian
Yredelemnul

Shops:
D:3 *   D:5 [*   D:9 :


Message History

The orc wizard shouts!
You feel sick.
The orc warrior hits you from afar with a +2 glaive of venom!
You are lethally poisoned!
Casting: Bolt of Magma (dangerous; 2% risk of failure)
Confirm with . or Enter, or press ? or * to list all spells.
Aiming: Bolt of Magma (dangerous; 2% risk of failure)
Press: ? - help, Shift-Dir - straight line, f/p - orc warrior
Aim: an orc warrior, wielding a +2 glaive of venom and wearing a +0 chain mail (lightly wounded, 68% to hit)
The bolt of magma hits the orc warrior!!
The orc warrior is almost dead.
You feel very sick.
The orc wizard gestures wildly while chanting.
The orc wizard flickers and vanishes!
Deactivating autopickup; reactivate with Ctrl-A.
The orc warrior hits you from afar with a +2 glaive of venom!
* * * LOW HITPOINT WARNING * * *
You feel much better.
You feel very sick. The orc warrior closely misses you.
Casting: Bolt of Magma (dangerous; 2% risk of failure)
Confirm with . or Enter, or press ? or * to list all spells.
You erupt in a blast of force!
The mystic blast hits the orc warrior!
You kill the orc warrior!
Cheibriados appreciates the change of pace.
The orc priest shouts!
You feel very sick.
* * * LOW HITPOINT WARNING * * *
You feel very sick.
A magic dart appears from out of thin air!
The magic dart hits you.
* * * LOW HITPOINT WARNING * * *
* * * LOW HITPOINT WARNING * * *
You feel very sick.
A puff of flame appears from out of thin air!
The puff of flame hits you.
* * * LOW HITPOINT WARNING * * *
* * * LOW HITPOINT WARNING * * *
You feel sick.
You die...

#.## #.# #.# #.# ##.# #o# #.#
#..# ####'## ##.# #.## #......
#..# #.# #...o.. #.## #.# #...o..
###.# ##.# #......
###...######..#############......
................@.....o)).'......
###.########.##############......
#..# #.# ####### #.## #.# ##.#
##.###### #..# ###.......# #.####
##.........#
.....###..#.......#####
.....##..##..........)#


You could see an orc priest.

Vanquished Creatures
  2 two-headed ogres (D:9)
  Pikel (D:9)
  An unseen horror (D:7)
  A hornet (D:9)
  Sigmund (D:4)
  Grum (D:8)
  Edmund (D:5)
  3 water moccasins
  4 orc warriors
  2 ice beasts
  2 ogres (D:5)
  3 wolves (D:8)
  4 centaurs
  3 lemures
  A phantom (D:5)
  A gnoll sergeant (D:8)
  3 bullfrogs
  A wyvern skeleton (D:7)
  A water moccasin skeleton (D:5)
  6 killer bees (D:7)
  5 wights (D:9)
  3 howler monkeys (D:9)
  3 bullfrog zombies
  3 hounds
  4 jellies
  3 bullfrog skeletons
  An iron imp (D:3)
  A centaur zombie (D:7)
  4 orc priests
  A gnoll shaman (D:9)
  Ijyb (D:4)
  6 iguanas
  7 orc wizards
  A killer bee zombie (D:8)
  A hound zombie (D:5)
  A hound skeleton (D:4)
  Robin (D:2)
  A howler monkey zombie (D:7)
  2 adders
  11 gnolls
  A shadow imp (D:7)
  A white imp (D:6)
  2 adder skeletons (D:4)
  2 dart slugs
  27 orcs
  5 ball pythons
  3 bats
  10 endoplasms
  3 giant cockroaches
  15 goblins
  10 hobgoblins
  10 jackals
  2 quokkas
  6 frilled lizards
  6 kobolds
  2 rats
207 creatures vanquished.

Vanquished Creatures (others)
  8 fulminant prisms
  10 fungi (D:4)
18 creatures vanquished.

Grand Total: 225 creatures vanquished

Notes
Turn   | Place    | Note
-------+----------+-------------------------------------------
     0 | D:1      | bnorton916 the Deep Elf Conjurer began the quest for the
                  | Orb.
     0 | D:1      | Reached XP level 1. HP: 10/10 MP: 6/6
   441 | D:1      | Reached XP level 2. HP: 15/15 MP: 4/8
   917 | D:1      | Found a faded altar of an unknown god.
  1318 | D:2      | Found a hide-covered altar of Uskayaw.
  1384 | D:2      | Reached skill level 5 in Conjurations
  1384 | D:2      | Reached XP level 3. HP: 19/19 MP: 6/10
  1899 | D:2      | Noticed Robin
  1951 | D:2      | Learned a level 2 spell: Searing Ray
  2546 | D:2      | Killed Robin
  2558 | D:2      | Reached XP level 4. HP: 12/24 MP: 5/12
  2711 | D:3      | Found Kusoh's General Store.
  2775 | D:3      | Found a shadowy altar of Dithmenos.
  2856 | D:3      | Found an ornate altar of the Wu Jian Council.
  2862 | D:3      | Reached skill level 5 in Spellcasting
  3064 | D:3      | Bought a scroll of identify for 28 gold pieces
  3064 | D:3      | Bought a scroll of identify for 28 gold pieces
  3670 | D:3      | Found a snail-covered altar of Cheibriados.
  3677 | D:3      | Reached XP level 5. HP: 28/28 MP: 8/15
  3683 | D:3      | Became a worshipper of Cheibriados the Contemplative
  3912 | D:4      | Noticed Ijyb
  3917 | D:4      | Killed Ijyb
  4195 | D:4      | Reached XP level 6. HP: 32/32 MP: 7/17
  4487 | D:4      | Noticed Sigmund
  4490 | D:4      | Killed Sigmund
  4573 | D:4      | Reached * piety under Cheibriados
  4575 | D:4      | Noticed an ice beast
  4585 | D:4      | Killed an ice beast
  4586 | D:4      | Reached XP level 7. HP: 36/36 MP: 4/20
  4762 | D:4      | Found a sacrificial altar of Ru.
  5105 | D:5      | Entered Level 5 of the Dungeon
  5134 | D:5      | Learned a level 4 spell: Fulminant Prism
  5139 | D:5      | Learned a level 4 spell: Iskenderun's Mystic Blast
  5192 | D:5      | Found Xuelasie's Armour Shoppe.
  5196 | D:5      | Found a basalt altar of Yredelemnul.
  5225 | D:6      | Reached skill level 1 in Hexes
  5652 | D:5      | Reached skill level 1 in Translocations
  5886 | D:5      | Found a staircase to the Ecumenical Temple.
  5902 | Temple   | Entered the Ecumenical Temple
  6016 | D:5      | Found a white marble altar of Elyvilon.
  6350 | D:5      | Noticed Edmund
  6357 | D:5      | Killed Edmund
  6358 | D:5      | Reached XP level 8. HP: 27/41 MP: 11/22
  6903 | D:5      | Reached skill level 5 in Hexes
  6999 | D:5      | Found Dlatt's Desiderata Depot.
  7132 | D:5      | Reached ** piety under Cheibriados
  7563 | D:6      | Learned a level 3 spell: Stone Arrow
  7569 | D:6      | Learned a level 5 spell: Bolt of Magma
  7605 | D:6      | Reached skill level 5 in Translocations
  7605 | D:6      | Reached skill level 1 in Earth Magic
  7784 | D:6      | Reached skill level 1 in Fire Magic
  8069 | D:7      | Killed an unseen horror
  8070 | D:7      | Reached skill level 2 in Earth Magic
  8352 | D:7      | Reached skill level 3 in Earth Magic
  8380 | D:7      | Reached XP level 9. HP: 43/45 MP: 16/23
  8624 | D:7      | Reached skill level 4 in Earth Magic
  9279 | D:7      | Reached skill level 5 in Earth Magic
  9282 | D:7      | Reached skill level 5 in Fire Magic
 10284 | D:8      | Reached *** piety under Cheibriados
 10320 | D:8      | Found an opulent altar of Gozag.
 10358 | D:8      | Found a sparkling altar of Nemelex Xobeh.
 11300 | D:8      | Noticed Grum
 11308 | D:8      | Reached skill level 6 in Earth Magic
 11309 | D:8      | Killed Grum
 11845 | D:9      | Reached skill level 7 in Earth Magic
 11987 | D:9      | Noticed Pikel
 12027 | D:8      | HP: 2/45 [lemure[Pikel] (7)]
 12350 | D:9      | Killed Pikel
 12351 | D:9      | Reached XP level 10. HP: 32/50 MP: 9/24
 12688 | D:9      | Noticed a two-headed ogre
 12907 | D:9      | Killed a two-headed ogre
 12908 | D:9      | Reached skill level 8 in Earth Magic
 12956 | D:9      | Reached **** piety under Cheibriados
 13020 | D:9      | Found Hagam's Book Emporium.
 13128 | D:9      | Noticed a two-headed ogre
 13134 | D:9      | Killed a two-headed ogre
 13517 | D:9      | Reached skill level 9 in Earth Magic
 13878 | D:3      | Bought a scroll of brand weapon for 280 gold pieces
 14166 | D:9      | Reached skill level 1 in Armour
 14187 | D:9      | Reached skill level 1 in Invocations
 14279 | D:9      | HP: 2/50 [something/puff of flame (3)]
 14281 | D:9      | Succumbed to an orc warrior's poison

Illustrated notes

Levels and vault maps discovered:
D:1:      scummos_arrival_forest, layout_basic,
          dreamdust_ecumenical_altar_statues, bh_walls_and_bars
D:2:      minmay_diamond_boxcup, layout_basic, basic_altar,
          kennysheep_generic_room_3, uniq_robin
D:3:      layout_basic, slow_altar_2, amcnicky_altar_gilded, old_standard_altar,
          serial_shops, nicolae_shop_waterfront, hangedman_decor_peaks_small,
          corexii_hall_statues_s, supply_closet_lemuel
D:4:      layout_rooms, hangedman_ru_absence, serial_aquarium,
          aquarium_bridge_square [aquarium_subvault_balcony,
          aquarium_subvault_bridge, aquarium_subvault_window,
          aquarium_subvault_wall], aquarium_window_2, aquarium_window_double,
          aquarium_view_2b, uniq_ijyb, uniq_sigmund
D:5:      layout_basic, kennysheep_mini_moat, yredelemnul_altar_generic,
          minmay_temple_entry_large_hall, serial_shops, nicolae_shop_stone,
          nicolae_alphabet_shops, eino_curves_03, st_stairs_7,
          kennysheep_small_circle, uniq_edmund
D:6:      layout_basic
D:7:      layout_loops_ring
D:8:      layout_basic, mainiacjoe_overflow_six_doors_small,
          mainiacjoe_overflow_surrounded_room, fungi_pond_lemuel,
          minmay_misc_feat_columns, uniq_grum
D:9:      layout_roguey, serial_shops, nicolae_shop_waterfront, uniq_pikel
Temple:   dpeg_chambers_temple

Skill      XL: |  1  2  3  4  5  6  7  8  9 10 |
---------------+-------------------------------+-----
Spellcasting   | 4 5 6 7 8 |  8.0
Conjurations   | 5 6 7 |  7.9
Hexes          | 3 6 |  6.0
Translocations | 3 6 |  6.0
Earth Magic    | 3 7 9 |  9.0
Fire Magic     | 3 7 8 |  8.9
Dodging        | 3 |  3.3
Armour         | 1 |  1.2
Invocations    | 1 |  1.1
Stealth        | |  2.4

Action                   |  1- 3 |  4- 6 |  7- 9 | 10-12 || total
-------------------------+-------+-------+-------+-------++-------
Melee: Dagger            |     5 |       |     6 |    11 ||    22
 Cast: Magic Dart        |    66 |    77 |   129 |    10 ||   282
       Searing Ray       |     3 |     7 |    48 |     3 ||    61
       Iskenderun's Myst |       |       |    11 |     7 ||    18
       Fulminant Prism   |       |       |     4 |     4 ||     8
       Stone Arrow       |       |       |       |    10 ||    10
       Bolt of Magma     |       |       |       |     9 ||     9
  Use: Scroll            |       |     3 |    10 |     2 ||    15
       Potion            |       |       |     1 |     2 ||     3
Armor: Robe              |     4 |     2 |    26 |     2 ||    34
Dodge: Dodged            |     9 |     8 |    83 |    21 ||   121
